Map: Simulacrum LE

Players

Reynor

  • Race: Zerg Zerg
  • Spawn Location: 5:00

Dream - Winner!

  • Race: Terran Terran
  • Spawn Location: 11:00

Event: StayAtHomestory Cup #1

VOD

Have the link to the VOD?

Description

Time

  • Played on: April 11, 2020, 8:12 a.m.
  • Length: 19:02

All games in this series

Show
View Real Time Build Order
Export as new Build Order

Reynor Zerg 

Build Orders: Pool First 

Get SALT Encoding   

  12  0:00  Drone  
  13  0:12  Overlord  
  13  0:17  Drone  
  14  0:30  Drone x2  
  16  0:41  Spawning Pool  
  15  0:44  Drone  
  15  0:48  Drone  
  17  1:08  Hatchery  
  16  1:11  Drone  
  16  1:13  Extractor  
  16  1:17  Drone  
  17  1:28  Zergling x4  
  20  1:38  Zergling x2  
  21  1:49  Zergling x2  
  22  1:56  Extractor  
  22  2:00  Zergling x2  
  23  2:12  Overlord  
  22  2:20  Queen  
  22  2:21  Queen  
  22  2:22  Zergling x4  
  27  2:31  Spine Crawler  
  27  2:33  Zergling x2  
  27  2:37  Zergling x2  
  28  2:43  Zergling x4  
  29  2:53  Zergling x4  
  31  3:05  Zergling x4  
  27  3:14  Zergling x2  
  27  3:16  Zergling x2  
  24  3:25  Zergling x2  
  24  3:28  Drone  
  25  3:35  Extractor  
  25  3:36  Drone  
  24  3:48  Queen  
  24  3:52  Zergling x2  
  27  4:01  Zergling x2  
  28  4:11  Hatchery  
  28  4:14  Zergling x2  
  28  4:19  Zergling x2  
  28  4:22  Zergling x2  
  30  4:31  Zergling x2  
  30  4:56  Metabolic Boost  
  30  4:59  Overlord  
  30  5:02  Extractor  
  30  5:03  Zergling x2  
  31  5:12  Spine Crawler  
  30  5:19  Drone x4  
  34  5:23  Drone  
  35  5:30  Drone x2  
  35  5:31  Drone  
  38  5:36  Drone  
  38  5:40  Queen  
  41  5:46  Overlord  
  41  5:57  Overlord  
  42  6:04  Drone x2  
  43  6:16  Drone x2  
  43  6:18  Drone  
  46  6:19  Hatchery  
  45  6:26  Drone x3  
  48  6:36  Overlord, Drone x3  
  51  6:42  Drone  
  52  6:51  Roach Warren, Drone  
  52  6:55  Drone x3  
  52  6:56  Drone  
  52  7:00  Extractor  
  55  7:07  Drone x2  
  55  7:08  Drone  
  58  7:09  Spore Crawler  
  58  7:11  Overlord  
  58  7:13  Queen  
  59  7:21  Overlord  
  58  7:32  Roach  
  58  7:33  Roach x5  
  58  7:37  Roach  
  72  7:41  Drone x4  
  72  7:43  Spore Crawler  
  75  7:44  Roach  
  75  7:46  Drone  
  75  7:48  Roach  
  80  7:52  Overlord  
  80  7:53  Drone  
  81  8:09  Overlord  
  83  8:15  Drone  
  83  8:16  Drone x5  
  83  8:17  Overlord  
  89  8:24  Drone x3  
  89  8:25  Drone x2  
  89  8:26  Drone  
  87  8:32  Evolution Chamber, Drone  
  87  8:34  Drone  
  87  8:35  Evolution Chamber  
  87  8:36  Drone  
  87  8:38  Drone  
  87  8:39  Drone  
  87  8:41  Drone x2  
  87  8:42  Drone x2  
  87  8:45  Lair  
  91  8:50  Extractor  
  91  8:51  Extractor  
  91  8:55  Roach x2  
  93  8:58  Zerg Missile Weapons Level 1  
  93  8:59  Drone x3  
  96  9:04  Roach x3  
  96  9:06  Overlord  
  102  9:10  Overlord  
  102  9:12  Drone x3  
  105  9:17  Zerg Ground Armor Level 1  
  105  9:22  Overlord  
  105  9:28  Overlord  
  105  9:31  Extractor  
  105  9:32  Drone  
  105  9:33  Drone  
  105  9:35  Drone  
  105  9:37  Drone x2  
  109  9:38  Drone  
  109  9:39  Drone  
  109  9:40  Extractor  
  109  9:41  Roach x5  
  120  9:48  Overlord  
  120  10:01  Baneling Nest  
  120  10:05  Hatchery  
  118  10:10  Queen  
  118  10:11  Glial Reconstitution  
  118  10:13  Roach x6  
  132  10:16  Overlord  
  132  10:17  Overseer  
  132  10:25  Queen  
  130  10:32  Roach x2  
  130  10:33  Roach  
  136  10:36  Queen  
  136  10:41  Drone x3  
  136  10:42  Drone x5  
  146  10:43  Overlord  
  146  10:46  Centrifical Hooks  
  146  10:49  Overlord  
  146  10:51  Infestation Pit  
  146  10:56  Overlord  
  144  10:58  Drone  
  144  11:00  Drone x2  
  144  11:01  Drone x2  
  144  11:03  Zergling x4  
  144  11:06  Zergling x2  
  145  11:12  Overlord  
  145  11:13  Zergling x10  
  145  11:16  Zergling x2  
  145  11:18  Ravager x6  
  156  11:21  Queen  
  156  11:24  Zerg Melee Weapons Level 1  
  159  11:27  Drone x3  
  162  11:33  Zerg Ground Armor Level 2  
  162  11:37  Hive  
  162  11:38  Drone x2  
  164  11:41  Roach x2  
  164  11:46  Overlord  
  166  11:52  Zergling x12, Roach  
  166  11:53  Overlord  
  167  12:03  Zergling x14  
  167  12:07  Drone  
  167  12:08  Drone x2  
  177  12:14  Zergling x2  
  177  12:15  Zergling x6  
  181  12:22  Overlord  
  181  12:25  Zergling x6  
  181  12:27  Burrow  
  184  12:30  Hatchery  
  184  12:31  Overlord  
  183  12:41  Baneling x2  
  183  12:42  Hatchery, Baneling x9  
  182  12:48  Viper x3  
  192  12:51  Drone  
  192  12:52  Ultralisk Cavern, Drone x3  
  192  12:53  Drone  
  192  12:54  Extractor  
  192  12:55  Zergling x12  
  192  12:57  Overlord  
  200  13:03  Queen  
  200  13:04  Adrenal Glands  
  196  13:08  Zergling x8  
  196  13:12  Overlord  
  199  13:14  Hatchery  
  199  13:17  Overlord  
  192  13:27  Drone x2  
  192  13:29  Zergling x12, Roach  
  200  13:45  Drone x2  
  200  13:48  Queen  
  200  13:49  Drone  
  200  13:54  Drone  
  200  14:00  Chitinous Plating  
  200  14:01  Zerg Ground Armor Level 3  
  200  14:02  Extractor  
  198  14:07  Hatchery  
  197  14:10  Drone x3  
  197  14:12  Pneumatized Carapace  
  197  14:14  Baneling x10  
  200  14:20  Baneling x4  
  193  14:31  Zergling x12  
  193  14:38  Drone  
  200  14:40  Spore Crawler x2  
  200  14:44  Drone x2  
  200  14:51  Extractor  
  190  14:53  Zergling x20  
  199  15:01  Overlord  
  199  15:07  Baneling x3  
  199  15:08  Baneling x4  
  199  15:11  Baneling x3  
  199  15:13  Zergling x4  
  199  15:14  Zergling x4  
  194  15:23  Zergling x10  
  199  15:33  Ultralisk  
  199  15:37  Anabolic Synthesis  
  199  15:42  Zergling x6  
  199  15:47  Zergling x12  
  199  15:49  Overlord  
  197  15:50  Zergling x6  
  196  15:59  Ultralisk  
  196  16:00  Zergling x2, Baneling x4  
  196  16:01  Zergling x4  
  196  16:03  Zergling x10  
  195  16:06  Ultralisk  
  195  16:09  Zergling x6  
  195  16:11  Queen  
  197  16:18  Hatchery  
  172  16:29  Zergling x10, Ultralisk  
  172  16:31  Zergling x6  
  171  16:34  Ultralisk x2  
  171  16:36  Queen x3  
  171  16:39  Spire  
  188  16:42  Zergling x6  
  184  16:48  Ultralisk  
  184  16:52  Queen  
  187  16:54  Hatchery  
  187  16:57  Zergling x8  
  182  17:07  Hatchery  
  182  17:08  Drone x6  
  183  17:12  Roach  
  183  17:17  Baneling x4  
  183  17:19  Zergling x6, Ultralisk  
  192  17:26  Zergling x2  
  192  17:27  Zergling x4  
  189  17:31  Zergling x2  
  189  17:36  Drone x3  
  189  17:38  Drone  
  187  17:55  Drone x4  
  193  17:59  Corruptor x3  
  193  18:05  Corruptor  
  195  18:06  Zergling x6  
  195  18:09  Zergling x2  
  195  18:10  Zergling x4  
  193  18:18  Ultralisk  
  177  18:20  Zergling x10  
  177  18:25  Zergling x4  
  162  18:28  Zergling x4  
  153  18:35  Zergling x4  
  152  18:45  Hatchery  
Show
View Real Time Build Order
Export as new Build Order

Dream Terran - Winner!

Build Orders:  

Get SALT Encoding   

  12  0:00  SCV  
  13  0:12  SCV  
  14  0:18  Supply Depot  
  14  0:25  SCV  
  15  0:41  Barracks  
  15  0:52  Barracks  
  15  1:07  Barracks  
  15  1:09  SCV  
  16  1:22  SCV  
  17  1:28  Marine  
  18  1:34  Orbital Command  
  18  1:39  Marine  
  19  1:43  Supply Depot  
  19  1:46  Marine  
  20  1:54  Marine  
  21  1:59  Marine  
  22  2:04  Marine  
  23  2:09  Bunker  
  23  2:11  Marine  
  23  2:15  SCV  
  24  2:21  Marine  
  24  2:22  Marine  
  24  2:27  SCV  
  25  2:34  Marine  
  26  2:39  Marine  
  28  2:48  Supply Depot  
  28  2:49  Marine  
  28  2:51  Marine  
  29  3:00  Marine  
  28  3:07  Marine  
  28  3:08  SCV  
  28  3:18  Marine  
  28  3:19  Marine  
  24  3:23  SCV  
  21  3:29  Marine  
  21  3:33  Refinery  
  22  3:36  SCV, Marine  
  22  3:40  Marine  
  25  3:46  Marine  
  25  3:48  SCV  
  27  3:57  Marine  
  27  4:00  SCV, Marine  
  29  4:11  Marine  
  29  4:12  SCV  
  29  4:15  Marine  
  32  4:24  SCV  
  32  4:28  Marine  
  31  4:34  Marine  
  31  4:36  SCV  
  31  4:38  Bunker  
  31  4:41  Factory  
  31  4:46  Marine  
  31  4:48  SCV, Marine  
  34  5:00  SCV  
  35  5:08  Command Center  
  35  5:16  SCV  
  34  5:28  SCV  
  34  5:31  Hellion  
  34  5:34  Starport  
  37  5:40  SCV  
  38  5:49  Supply Depot  
  38  5:50  Refinery  
  38  5:55  SCV  
  39  6:11  Hellion  
  41  6:12  SCV, Barracks Tech Lab  
  41  6:14  Medivac  
  41  6:18  Barracks Reactor  
  44  6:25  SCV  
  44  6:36  Hellion, Marine  
  44  6:37  Marine  
  44  6:38  SCV  
  49  6:40  Orbital Command  
  49  6:46  Stimpack  
  49  6:50  SCV  
  49  6:54  Marine  
  50  6:55  Marine x3  
  50  6:59  Medivac  
  50  7:01  Hellion  
  58  7:02  SCV  
  60  7:08  SCV  
  60  7:10  Supply Depot  
  60  7:16  SCV  
  60  7:18  Supply Depot  
  60  7:20  SCV  
  62  7:29  Engineering Bay  
  62  7:32  Marine x2  
  62  7:33  Barracks Reactor  
  62  7:34  SCV, Marine  
  62  7:36  SCV  
  67  7:40  Supply Depot  
  67  7:46  Medivac  
  67  7:47  Hellion  
  71  7:51  Supply Depot  
  71  7:52  Marine x2  
  71  7:53  Marine  
  71  7:56  SCV  
  71  7:57  SCV  
  76  8:04  Terran Infantry Weapons Level 1  
  76  8:08  SCV  
  76  8:09  SCV  
  76  8:10  Marine x3  
  81  8:13  Marine x2  
  82  8:20  SCV  
  82  8:26  Combat Shield, Factory Tech Lab  
  80  8:27  Marine  
  80  8:28  Starport Reactor  
  80  8:29  SCV  
  80  8:32  SCV  
  77  8:34  Marine x2  
  77  8:35  Marine  
  77  8:37  Marine  
  81  8:45  Refinery  
  81  8:46  SCV  
  81  8:47  Command Center  
  81  8:48  Refinery  
  82  8:51  Siege Tank  
  85  8:56  SCV  
  85  8:57  Marine x2  
  85  8:58  SCV, Marine  
  85  9:02  Marine  
  91  9:06  Supply Depot  
  91  9:08  SCV, Marine  
  93  9:11  SCV  
  93  9:12  Engineering Bay  
  94  9:18  Armory  
  94  9:22  Supply Depot  
  94  9:27  SCV x2  
  96  9:39  SCV x2, Marine x2  
  96  9:40  Marine x2  
  96  9:41  Terran Infantry Armor Level 1  
  96  9:43  Marine  
  96  9:44  Supply Depot  
  103  9:49  Supply Depot  
  103  9:50  Supply Depot  
  103  9:51  SCV x2  
  105  9:57  Marine  
  106  10:04  SCV x2  
  108  10:07  Terran Infantry Weapons Level 2  
  108  10:09  Terran Vehicle Weapons Level 1  
  108  10:16  Orbital Command  
  108  10:18  SCV x2  
  108  10:20  Marine  
  111  10:24  Marine  
  111  10:27  Marine  
  111  10:30  SCV x2  
  111  10:32  Marine x2  
  111  10:33  Siege Tank  
  117  10:40  Refinery  
  117  10:42  SCV, Refinery  
  118  10:44  Marine x2  
  118  10:46  Marine  
  118  10:48  Medivac x2  
  123  10:52  Marine x2  
  125  11:02  Marine  
  123  11:04  Marine  
  123  11:07  Siege Tank  
  123  11:09  Barracks  
  123  11:10  Barracks  
  127  11:11  Marine x2  
  127  11:14  Marine  
  127  11:18  Medivac x2  
  134  11:20  Supply Depot  
  134  11:30  Marine x3  
  134  11:31  Marine  
  134  11:32  Marine  
  139  11:35  Terran Infantry Armor Level 2  
  139  11:36  Command Center  
  139  11:41  Sensor Tower  
  139  11:48  Marine x3  
  139  11:49  Marine x2  
  139  11:52  Siege Tank  
  149  11:55  Liberator x2  
  146  12:03  Barracks Tech Lab x2  
  146  12:06  Marine x3  
  146  12:07  Marine  
  150  12:11  Supply Depot  
  150  12:12  Supply Depot  
  156  12:23  Concussive Shells, Marauder x3  
  156  12:30  Supply Depot x2  
  156  12:32  Siege Tank  
  156  12:35  Terran Infantry Weapons Level 3  
  159  12:37  Terran Vehicle Weapons Level 2  
  159  12:42  Factory  
  159  12:46  Medivac  
  161  12:54  Marauder x3  
  167  13:04  Siege Tank  
  167  13:09  Marine x2  
  167  13:10  Marine  
  167  13:11  Marine  
  169  13:14  Marine  
  169  13:17  SCV x2  
  169  13:18  SCV  
  170  13:29  Sensor Tower  
  170  13:33  Marauder x2  
  174  13:35  Marine x5  
  174  13:36  Siege Tank  
  174  13:40  Factory Tech Lab  
  179  13:48  Planetary Fortress  
  177  13:49  Medivac x2  
  177  13:52  Marine  
  177  13:53  SCV x3  
  177  13:55  Marauder x2  
  186  14:01  Terran Infantry Armor Level 3  
  186  14:02  Marine  
  187  14:03  Marine  
  187  14:05  SCV  
  187  14:09  SCV x2  
  191  14:17  SCV  
  191  14:18  Marauder x2, Marine x2  
  191  14:19  Marauder  
  200  14:30  Command Center  
  199  14:39  Marine  
  199  14:54  Marauder x2  
  199  14:57  Marauder, Barracks x2  
  199  14:58  Barracks  
  198  15:12  Marine  
  191  15:14  Siege Tank x2  
  191  15:16  Marauder  
  191  15:20  Marauder, Marine  
  191  15:34  Marauder  
  191  15:35  Marine x2  
  189  15:37  Marauder  
  189  15:39  Medivac x2  
  189  15:42  Marauder  
  198  15:46  Siege Tank  
  198  15:48  Barracks Reactor, Barracks Tech Lab  
  194  15:50  Marine  
  194  15:55  SCV x3  
  193  16:01  Marine x2  
  193  16:03  Marine  
  189  16:04  Siege Tank  
  189  16:08  Command Center  
  189  16:09  Medivac x2  
  187  16:16  Drilling Claws  
  187  16:18  Starport  
  185  16:24  Marine  
  185  16:25  Marauder x3, Marine x5  
  181  16:26  Marauder  
  181  16:27  Marine  
  181  16:29  Widow Mine  
  172  16:36  Widow Mine  
  173  16:42  Marine  
  173  16:43  Marine x2  
  173  16:45  Refinery  
  173  16:46  Refinery, Marauder  
  173  16:47  Marauder x3  
  182  16:52  Marine x3  
  178  16:54  Barracks Tech Lab  
  178  16:56  Widow Mine  
  178  16:58  Medivac, Widow Mine  
  178  16:59  Medivac  
  183  17:02  Marine x3  
  183  17:08  Marauder x3  
  192  17:09  Marauder  
  192  17:10  Marine  
  194  17:18  Marauder, Marine x2  
  198  17:26  Widow Mine  
  199  17:33  Starport Reactor  
  199  17:36  Fusion Core  
  196  17:41  Marine  
  196  17:42  Marauder, Marine x5  
  200  17:58  Marauder  
  200  18:00  Planetary Fortress  
  193  18:13  Marauder x4, Marine  
  193  18:14  Marine  
  193  18:19  Widow Mine x2  
  196  18:20  Marauder  
  196  18:24  Medivac x2  
  196  18:25  Marine  
  196  18:26  Marine  
  196  18:27  Marine x2  
  192  18:31  Marine x2  
  196  18:34  Marauder  
  196  18:35  Marauder  
  196  18:40  Widow Mine  
  200  18:47  Sensor Tower  
Tags
 
Add a new tag
Caveats
  • Supply blocks, unpowered buildings, or Contaminate may cause inaccurate times.
  • Supply counts are checked every 10 seconds.